 Dungeon Crawl Stone Soup version 0.20.0-15-g7f486f2 (webtiles) character file.

134 renl the Scratcher (level 4, 0/19 HPs)
             Began as a Felid Transmuter on July 6, 2017.
             Slain by a jackal (2 damage)
             ... on level 3 of the Dungeon.
             The game lasted 00:12:06 (3312 turns).

renl the Scratcher (Felid Transmuter)               Turns: 3312, Time: 00:12:07

Health: 0/19       AC:  2    Str:  6    XL:     4   Next: 95%
Magic:  1/8        EV: 22    Int: 15    God:
Gold:   133        SH:  0    Dex: 21    Spells: 1/7 levels left
                                        Lives:  0   Deaths: 1

rFire    . . .     SeeInvis +     - Unarmed
rCold    . . .     Gourm    .   (shield unavailable)
rNeg     . . .     Faith    .   (armour unavailable)
rPois    x         Spirit   .   (helmet unavailable)
rElec    .         Reflect  .   (cloak unavailable)
rCorr    .         Harm     .   (gloves unavailable)
MR       .....                  (boots unavailable)
Stlth    ++........             (no amulet)
Regen    0.1/turn               (no ring)
MPRegen  0.2/turn               (no ring)

@: spider-form (expiring), very slightly contaminated
A: no armour, no weapons or thrown items, stealth, see invisible, carnivore 3,
slow metabolism 1
a: End Transformation


You were on level 3 of the Dungeon.
You were completely stuffed.
You were a venomous arachnid creature.
You visited 1 branch of the dungeon, and saw 4 of its levels.

You collected 133 gold pieces.

Inventory:

Missiles
 a - 12 arrows
Jewellery
 k - an uncursed ring of wizardry {unknown}
Scrolls
 h - 3 scrolls of remove curse {unknown}
 i - 2 scrolls of recharging {unknown}
 l - 4 scrolls of identify {unknown}
 o - a scroll of enchant armour {unknown}
 p - a scroll of enchant weapon {unknown}
 q - a scroll of immolation {unknown}
 r - a scroll of magic mapping {unknown}
 s - a scroll of teleportation {unknown}
Potions
 e - a potion of heal wounds {unknown}
 f - a potion of lignification {unknown}
 g - a potion of cancellation {unknown}
 j - a potion of magic {unknown}
 m - 2 potions of resistance {unknown}
 n - a potion of mutation {unknown}
Books
 b - a book of Changes

   Spells                             Type                      Level
   a - Beastly Appendage              Transmutation                1
   b - Sticks to Snakes               Transmutation                2
   c - Spider Form                    Transmutation/Poison         3
   d - Ice Form                       Ice/Transmutation            4
   e - Blade Hands                    Transmutation                5
Comestibles
 c - 3 meat rations
 d - 2 chunks of flesh


   Skills:
 + Level 1.0 Fighting
 + Level 3.2 Dodging
 + Level 1.9 Stealth
 * Level 5.1 Unarmed Combat
 - Level 2.0 Spellcasting
 * Level 3.8 Transmutations


You had one spell level left.
You knew the following spells:

 Your Spells              Type           Power        Failure   Level  Hunger
a - Beastly Appendage     Tmut           ##....       14%         1    #......
b - Sticks to Snakes      Tmut           ##......     19%         2    ###....
c - Spider Form           Tmut/Pois      #.........   52%         3    ###....


Dungeon Overview and Level Annotations

Branches:
Dungeon (4/15)
 Temple: D:4-7

Altars:
Cheibriados
Fedhas
Ru

Annotations:
D:2 exclusion: oklob plant


Innate Abilities, Weirdness & Mutations

You cannot wear armour.
You are incapable of wielding weapons or throwing items.
Your paws allow you to move quietly. (Stealth)
((You have sharp claws.))
((You have razor-sharp teeth.))
You have supernaturally acute eyesight. (SInv)
You are carnivorous and can eat meat at any time.
((You cover ground quickly.))
((You are covered in fur. (AC +1)))
You have a slow metabolism.
((Your sharp claws are effective at attacking unaware monsters.))


Message History

The orc priest is moderately wounded.
The orc priest completely misses you.
You hit the orc priest.
The orc priest is heavily wounded.
The orc priest hits you but does no damage.
You hit the orc priest.
The orc priest looks as sick as possible!
The orc priest is severely wounded.
You kill the orc priest!
You hit the jackal.
The jackal is poisoned.
The jackal is lightly wounded.
Your transformation is almost over.
The jackal closely misses you.
You barely miss the jackal.
The jackal is moderately wounded.
The jackal misses you. x2
You barely miss the jackal.
The jackal is moderately wounded.
The jackal bites you.
You die...

####..####.######..###.####......
...............##...).)....†#####
####.......###.##)###........####
.....####(....)...# ##.#####.#..
####.# ######(#### #.# #§#.# #.#
#o# #.# #.#.# #)# #.# #.# #o#.##
#.# #.#######.# #...o. #.#
#.hs....... ###.## #.#
#########.. #.# #.# .. ... #.# #.
##[#. ###.### #. #.## #..[..# #.
#.. #.###.#### ##.######### #.#
#....# #....w.....# #.###.##.#
#..#######.#


You could see a jackal.

Vanquished Creatures
  An orc priest (D:3)
  An orc wizard (D:3)
  5 adders
  An ooze (D:2)
  2 worms (D:3)
  3 dart slugs
  3 leopard geckos
  3 orcs (D:3)
  5 giant cockroaches
  6 goblins
  9 hobgoblins
  5 jackals
  A quokka (D:3)
  7 bats
  4 frilled lizards
  10 kobolds
  17 rats
83 creatures vanquished.

Notes
Turn   | Place    | Note
-------+----------+-------------------------------------------
     0 | D:1      | renl the Felid Transmuter began the quest for the Orb.
     0 | D:1      | Reached XP level 1. HP: 9/9 MP: 4/4
   208 | D:1      | Reached XP level 2. HP: 11/12 MP: 4/6
   212 | D:1      | Learned a level 2 spell: Sticks to Snakes
   837 | D:1      | Reached XP level 3. HP: 15/15 MP: 7/7
   845 | D:1      | Learned a level 3 spell: Spider Form
   888 | D:1      | Reached skill level 4 in Unarmed Combat
   992 | D:1      | Found a snail-covered altar of Cheibriados.
  1456 | D:2      | Reached skill level 1 in Stealth
  1603 | D:2      | Found a blossoming altar of Fedhas.
  1623 | D:2      | Noticed an oklob plant
  1766 | D:2      | Reached XP level 4. HP: 19/19 MP: 4/8
  2504 | D:3      | You fall through a shaft!
  3036 | D:3      | Killed from afar by an orc wizard
  3037 | D:3      | Reached XP level 3. HP: -5/15 MP: 6/7
  3062 | D:3      | Reached XP level 4. HP: 15/19 MP: 1/8
  3124 | D:3      | Found a sacrificial altar of Ru.
  3213 | D:3      | Reached skill level 5 in Unarmed Combat
  3312 | D:3      | Slain by a jackal

Skill      XL: |  1  2  3  4 |
---------------+-------------+-----
Unarmed Combat | 4 5 |  5.1
Stealth        | 1 |  1.9
Dodging        | 3 |  3.2
Transmutations | 3 |  3.8
Fighting       | |  1.0
Spellcasting   | |  2.0

Action                   |  1- 3 |  4- 6 || total
-------------------------+-------+-------++-------
Melee: Unarmed           |   128 |    96 ||   224
       Headbutt          |     5 |       ||     5
       Punch             |     2 |     1 ||     3
       Bite              |     4 |     3 ||     7
 Cast: Beastly Appendage |    13 |     4 ||    17
       Spider Form       |     6 |    16 ||    22
 Stab: Sleeping          |    11 |     3 ||    14
  Eat: Chunk             |    14 |     8 ||    22
Armor: Skin              |     4 |     4 ||     8
Dodge: Dodged            |    96 |    73 ||   169
